 Dungeon Crawl Stone Soup version 0.29.1-15-g9cfb28693d (webtiles) character file.

Game seed: 1705460711240903645

4201 tmaa the Cleaver (level 10, -15/88 HPs)
             Began as a Minotaur Fighter on Mar 14, 2023.
             Was a Follower of Okawaru.
             Demolished by a two-headed ogre
             ... wielding a +0 giant club
              (27 damage)
             ... on level 9 of the Dungeon.
             The game lasted 00:37:20 (8197 turns).

tmaa the Cleaver (Minotaur Fighter)                 Turns: 8197, Time: 00:37:21

Health: -15/88     AC: 18    Str: 25    XL:     10   Next: 8%
Magic:  9/9        EV:  7    Int:  5    God:    Okawaru [*.....]
Gold:   574        SH:  5    Dex: 10    Spells: 9/9 levels left

rFire   + . .      SeeInvis .   l - +4 war axe (freeze)
rCold   . . .      Faith    .   c - +0 buckler
rNeg    . . .      Spirit   .   b - +1 plate armour {rF+}
rPois   .          Reflect  .   (helmet restricted)
rElec   .          Harm     .   (no cloak)
rCorr   .          Rampage  .   h - +2 pair of gloves
Will    .....                   (no boots)
Stlth   ..........              (no amulet)
HPRegen 0.24/turn               i - +4 ring of slaying
MPRegen 0.11/turn               (no ring)

@: no status effects
A: horns 2, retaliatory headbutt
a: Renounce Religion, Heroism


You were on level 9 of the Dungeon.
You worshipped Okawaru.
Okawaru was aware of your devotion.
You visited 2 branches of the dungeon, and saw 10 of its levels.

You collected 574 gold pieces.

Inventory:

Hand Weapons
 l - a +4 war axe of freezing (weapon)
Armour
 b - a +1 plate armour of fire resistance (worn)
 c - a +0 buckler (worn)
 h - a +2 pair of gloves (worn)
Jewellery
 i - a +4 ring of slaying (left hand)
 p - an amulet of faith
Wands
 g - a wand of paralysis (11)
 k - a wand of flame (10)
Scrolls
 e - 4 scrolls of enchant weapon
 f - 2 scrolls of magic mapping
 j - 3 scrolls of vulnerability
 m - 8 scrolls of identify
 o - 2 scrolls of teleportation
 r - a scroll of amnesia
Potions
 d - 2 potions of might
 q - a potion of heal wounds
 s - a potion of ambrosia


   Skills:
 + Level 8.2 Fighting
 + Level 12.3 Axes
 + Level 9.3 Armour
 + Level 2.2 Dodging
 + Level 1.1 Stealth
 + Level 5.8 Shields


You had 9 spell levels left.
You didn't know any spells.
Your spell library contained the following spells:

 Spells                   Type           Power      Damage    Failure   Level
 Beastly Appendage        Tmut           0%         N/A       100%        1
 Wereblood                Tmut           0%         N/A       100%        2
 Spider Form              Tmut/Pois      0%         N/A       100%        3
 Stone Arrow              Conj/Erth      0%         3d7       100%        3
 Lehudib's Crystal Spear  Conj/Erth      0%         10d2      100%        8
 Animate Armour           Summ/Erth      Unusable   N/A       N/A         4

Dungeon Overview and Level Annotations

Branches:
Dungeon (9/15)             Temple (1/1) D:6
   Lair: D:8-11         Orc: D:9-12

Altars:
Cheibriados
Dithmenos
Elyvilon
Fedhas
Gozag
Hepliaklqana
Kikubaaqudgha
Makhleb
Nemelex Xobeh
Okawaru
Qazlal
Ru
Sif Muna
Trog
Uskayaw
Vehumet
Wu Jian
Xom
Zin
The Shining One
Lugonu

Shops:
D:7 *

Annotations:
D:4 3 runed translucent doors, Eitelfritz's ghost, amateur TeAE; Henri's ghost, amateur OpVM; P0WERM0DE's ghost, amateur PaAr; vampirul's ghost, amateur DjNe


Innate Abilities, Weirdness & Mutations

You have a pair of horns on your head.
You reflexively headbutt those who attack you in melee.


Message History

Things that are here:
a +0 dagger; a +0 robe; an orc corpse
Things that are here:
a +1 flail of protection; a +0 scale mail; an orc corpse HP restored.
Things that are here:
a +0 dagger; a +0 robe; an orc corpse You see here a +0 dagger.
Found a stone staircase leading down.
A shadow comes into view.
A shadow is nearby!
The shadow slips into darkness.
The shadow flickers and vanishes!
Deactivating autopickup; reactivate with Ctrl-A.
Found a scroll of identify.
Found a white marble altar of Elyvilon.
You barely miss something. You headbutt something!
The shadow strikes at you from the darkness!
Reactivating autopickup.
You slash the shadow!
You destroy the shadow!
Okawaru accepts your kill.
A two-headed ogre comes into view.
It is wielding a +0 giant club and a +0 giant spiked club.
The two-headed ogre shouts in stereo!
You see here a scroll of identify.
m - 8 scrolls of identify (gained 1)
You barely miss the two-headed ogre.
The two-headed ogre hits you with a +0 giant club!!
You block the two-headed ogre's attack.
You hit the two-headed ogre. You freeze the two-headed ogre.
The two-headed ogre is lightly wounded.
You slash the two-headed ogre! You freeze the two-headed ogre!
You headbutt the two-headed ogre!
The two-headed ogre is severely wounded.
The two-headed ogre hits you with a +0 giant club!
The two-headed ogre hits you with a +0 giant spiked club!!
The two-headed ogre attacks as you move away!
The two-headed ogre hits you with a +0 giant club!
* * * LOW HITPOINT WARNING * * *
The two-headed ogre hits you with a +0 giant spiked club!!
You die...

####### #.### #...#
###.## ####..#####.
#...........
#.....≈≈≈≈≈≈
#.....≈.....
#.....≈.≈≈≈≈
########@....≈.≈...
........O....§.≈._.
...........§.≈.....
..........##§§§≈≈≈
..........# .§§..§
..........# ≈≈≈≈
..........# ..
..........#
..........#


You could see a two-headed ogre.

Vanquished Creatures
  A two-headed ogre (D:8)
  A hornet (D:8)
  A shadow (D:9)
  A steam dragon (D:7)
  An orc warrior (D:8)
  2 ice beasts
  3 black bears
  A sky beast (D:7)
  2 ogres
  A centaur (D:5)
  A phantom (D:7)
  2 necrophages
  4 scorpions
  5 wights (D:6)
  4 killer bees (D:7)
  2 jellies
  6 howler monkeys
  6 orc priests
  4 hounds
  2 gnoll boudas (D:7)
  4 iguanas
  An iron imp (D:3)
  6 orc wizards
  16 gnolls
  6 adders
  4 white imps
  2 worms (D:2)
  A dart slug (D:4)
  29 orcs
  5 bats
  4 endoplasms
  3 giant cockroaches
  15 goblins
  10 hobgoblins
  9 kobolds
  7 quokkas
  7 ball pythons
  5 frilled lizards
  4 rats
  A spectral hobgoblin (D:2)
  A butterfly (D:6)
190 creatures vanquished.

Vanquished Creatures (collateral kills)
  A bullfrog (D:6)
1 creature vanquished.

Grand Total: 191 creatures vanquished

Notes
Turn   | Place    | Note
-------+----------+-------------------------------------------
     0 | D:1      | tmaa the Minotaur Fighter began the quest for the Orb.
     0 | D:1      | Reached XP level 1. HP: 19/19 MP: 0/0
   163 | D:1      | Reached XP level 2. HP: 27/27 MP: 1/1
   812 | D:2      | Found a faded altar of an unknown god.
   820 | D:2      | Reached skill level 3 in Axes
   820 | D:2      | Reached XP level 3. HP: 26/33 MP: 2/2
   989 | D:2      | Reached XP level 4. HP: 29/40 MP: 3/3
   993 | D:2      | Reached skill level 4 in Axes
  1648 | D:2      | Reached XP level 5. HP: 46/46 MP: 4/4
  1985 | D:3      | Found a shimmering altar of Xom.
  2223 | D:3      | Found a shimmering blue altar of Sif Muna.
  2223 | D:3      | Found a sacrificial altar of Ru.
  2314 | D:3      | Identified the +1 leather armour of Valumig {rN+ Will+
                  | Str-3 Slay+5}
  2341 | D:3      | Reached skill level 5 in Axes
  2446 | D:3      | Found a snail-covered altar of Cheibriados.
  2561 | D:4      | Found a runed translucent gate.
  2573 | D:4      | Found a runed translucent gate.
  2574 | D:4      | Found a runed translucent gate.
  2576 | D:4      | Noticed Eitelfritz's ghost (amateur TeAE)
  2576 | D:4      | Noticed P0WERM0DE's ghost (amateur PaAr)
  2578 | D:4      | Noticed vampirul's ghost (amateur DjNe)
  2580 | D:4      | Noticed Henri's ghost (amateur OpVM)
  2722 | D:4      | Reached skill level 1 in Dodging
  2722 | D:4      | Reached XP level 6. HP: 45/53 MP: 5/5
  2839 | D:4      | Reached skill level 6 in Axes
  3114 | D:4      | Reached skill level 5 in Armour
  3588 | D:5      | Entered Level 5 of the Dungeon
  3645 | D:5      | Reached XP level 7. HP: 47/60 MP: 6/6
  3647 | D:5      | Reached skill level 7 in Axes
  3650 | D:5      | Reached skill level 5 in Fighting
  3694 | D:5      | Reached skill level 5 in Shields
  3931 | D:5      | Reached skill level 8 in Axes
  3948 | D:5      | Found a glowing silver altar of Zin.
  4400 | D:6      | Reached XP level 8. HP: 68/68 MP: 7/7
  4414 | D:6      | Reached skill level 9 in Axes
  4544 | D:6      | Found a staircase to the Ecumenical Temple.
  4636 | Temple   | Entered the Ecumenical Temple
  4878 | D:6      | Reached skill level 10 in Axes
  4913 | D:6      | Found a glowing golden altar of the Shining One.
  5404 | D:7      | Reached XP level 9. HP: 43/78 MP: 8/8
  5607 | D:7      | Found Kusulot's Assorted Antiques.
  5766 | D:7      | Reached skill level 11 in Axes
  5869 | D:7      | Reached skill level 1 in Stealth
  6403 | D:8      | Found an iron altar of Okawaru.
  6412 | D:8      | Became a worshipper of Warmaster Okawaru
  6740 | D:8      | Noticed a two-headed ogre
  6747 | D:8      | Killed a two-headed ogre
  6747 | D:8      | Reached * piety under Okawaru
  6748 | D:8      | Reached skill level 12 in Axes
  6944 | D:8      | Found a shadowy altar of Dithmenos.
  6944 | D:8      | Found a bloodstained altar of Trog.
  6948 | D:8      | Found a hazy altar of Hepliaklqana.
  6948 | D:8      | Found a stormy altar of Qazlal.
  7112 | D:8      | Reached XP level 10. HP: 35/88 MP: 9/9
  7378 | D:8      | Identified the +0 leather armour of Contentment {Rampage
                  | rC+ rCorr Str+4}
  8178 | D:9      | Found a white marble altar of Elyvilon.
  8188 | D:9      | Noticed a two-headed ogre
  8197 | D:9      | Demolished by a two-headed ogre

Illustrated notes

Levels and vault maps discovered:
D:1:      tarquinn_simple_flora_water_e, layout_loops_ring
D:2:      kb_forest_paths, layout_rooms,
          dreamdust_ecumenical_altar_drowned_temple
D:3:      layout_basic, chei_slow_surprise, lemuel_round_altar,
          gammafunk_temple_overflow_wave, kennysheep_donut
D:4:      layout_basic, gammafunk_ghost_cemetery, minivault_11
D:5:      layout_cave_pools, mainiacjoe_overflow_paths
D:6:      layout_loops_ring, lemuel_doored_altar,
          minmay_temple_entry_butterflies, minmay_ogre_servants
D:7:      layout_rooms, serial_shops, shop_fountains
D:8:      wad_crossroads, layout_layer_cave,
          mainiacjoe_overflow_surrounded_room, grunt_temple_overflow_open
D:9:      layout_basic, mainiacjoe_overflow_concentric_impassable,
          cheibrodos_ashenzari_chains, uniq_prince_ribbit1
Temple:   corrupted_temple

Skill      XL: |  1  2  3  4  5  6  7  8  9 10 |
---------------+-------------------------------+-----
Shields        | 4 5 |  5.8
Armour         | 4 5 7 9 |  9.3
Axes           | 3 4 5 6 8 10 12 | 12.3
Fighting       | 4 5 6 7 8 |  8.2
Dodging        | 1 2 |  2.2
Stealth        | 1 |  1.1

Action                   |  1- 3 |  4- 6 |  7- 9 | 10-12 || total
-------------------------+-------+-------+-------+-------++-------
Melee: War axe           |    63 |   115 |    58 |    11 ||   247
       Headbutt          |     6 |    24 |    46 |     5 ||    81
       Hand axe          |       |       |   168 |     5 ||   173
  Use: Scroll            |     2 |     4 |     4 |     3 ||    13
       Potion            |       |     3 |     6 |       ||     9
Armor: Scale mail        |    34 |    13 |       |       ||    47
       Chain mail        |       |    29 |       |       ||    29
       Leather armour    |       |     9 |       |       ||     9
       Plate armour      |       |     6 |   125 |     8 ||   139
Dodge: Dodged            |    32 |    43 |    61 |     3 ||   139
Block: Buckler           |    17 |    30 |    46 |     6 ||    99
